 Dungeon Crawl Stone Soup version 0.31-a0-848-gaac375c287 (webtiles) character file.

Game seed: 9771889688647136530

235 demibob the Cudgeller (level 5, 0/50 HPs)
             Began as a Troll Chaos Knight on Oct 5, 2023.
             Was a Plaything of Xom.
             Slain by an orc
             ... wielding a +2 dagger of venom
              (1 damage)
             ... on level 3 of the Dungeon.
             The game lasted 00:02:58 (1641 turns).

demibob the Cudgeller (Troll Chaos Knight)          Turns: 1641, Time: 00:02:58

Health: 0/50       AC:  6    Str: 20    XL:     5   Next: 76%
Magic:  4/4        EV: 10    Int:  8    God:    Xom [*.....]
Gold:   62         SH:  0    Dex: 11    Spells: 4/4 levels left

rFire   . . .        a - +1 mace (chaos)
rCold   . . .        (no shield)
rNeg    . . .        b - +2 robe
rPois   .            (helmet restricted)
rElec   .            (no cloak)
rCorr   .            (gloves unavailable)
SInv    .            (boots unavailable)
Will    .....        d - amulet of regeneration
Stlth   +            (no ring)
HPRegen 1.88/turn    (no ring)
MPRegen 0.09/turn

%: no passive effects
@: mighty, lethally poisoned (0 -> -4)
A: large, unfitting armour, claws 3, regeneration 1, shaggy fur 1, tough skin 1
a: Renounce Religion


You were on level 3 of the Dungeon.
You worshipped Xom.
You were a special plaything of Xom.
You visited 1 branch of the dungeon, and saw 3 of its levels.

You collected 62 gold pieces.


Innate Abilities, Weirdness & Mutations

You are too large for most types of armour.
You have claws for hands.
Your natural rate of healing is unusually fast.
You are covered in fur. (AC +1)
You have tough skin. (AC +1)


   Skills:
 - Level 2.4 Fighting
 + Level 6.0 Maces & Flails
 - Level 1.9 Dodging


You had 4 spell levels left.
You didn't know any spells.
Your spell library contained the following spells:

 Spells                   Type           Power      Damage    Failure   Level
 Ensorcelled Hibernation  Hex/Ice        0%         N/A       54%         2
 Jinxbite                 Hex            0%         N/A       54%         2
 Scorch                   Fire           0%         2d5       54%         2
 Anguish                  Hex/Necr       0%         N/A       99%         4
 Flame Wave               Conj/Fire      0%         2d4       99%         4
 Summon Cactus Giant      Summ           0%         N/A       100%        6

Inventory:

Hand Weapons
 a - a +1 mace of chaos (weapon)
Armour
 b - a +2 robe (worn)
Magical Staves
 c - a staff of cold {!a}
Jewellery
 d - an amulet of regeneration (around neck)

Dungeon Overview and Level Annotations

Branches:
Dungeon (3/15)

Altars:
Okawaru #. #.o#.. # ###. #..o. .# ..#. .oo

.# #... #.#. #.#.##
#.r. #.#.###o...###
#.#. #.#.g.o........
....##.##)#####.####
#<.....##g#### #
..####....@o§§§.#
#......####.##.# #
###..# #.##.##.#
#..# #.....>.# #...#
####.#### #.#.#
###.# ....# #...#
...).# #.### ......#
#.#


You could see a gnoll and an orc.


Message History

You hit the gnoll. You burn the gnoll.
The gnoll is almost dead.
The gnoll hits you from afar with a +0 halberd!
* * * LOW HITPOINT WARNING * * *
You emit a cloud of colourful smoke!
The gnoll hits you with a +0 whip.
* * * LOW HITPOINT WARNING * * *
You hit the gnoll. You burn the gnoll.
You kill the gnoll!
The gnoll closely misses you.
Your Maces & Flails skill increases to level 6!
Unknown command.
Found a stone staircase leading up.
The orc attacks as it pursues you!
The orc hits you with a +2 dagger of venom.
* * * LOW HITPOINT WARNING * * *
You are poisoned.
You feel very sick.
It was a potion of might.
You feel very mighty all of a sudden.
You feel very sick. The orc closely misses you.
You barely miss the orc.
You feel sick.
The gnoll hits you from afar with a +0 halberd!
* * * LOW HITPOINT WARNING * * *
The orc hits you with a +2 dagger of venom.
* * * LOW HITPOINT WARNING * * *
You are more poisoned.
The gnoll hits you but does no damage.
The orc hits you with a +2 dagger of venom.
You die...

Skill      XL: |  1  2  3  4  5 |
---------------+----------------+-----
Maces & Flails | 3 5 6 |  6.0
Fighting       | |  2.4
Dodging        | |  1.9

Action                     |  1- 3 |  4- 6 || total
---------------------------+-------+-------++-------
  Melee: Mace              |   116 |    29 ||   145
    Use: Scroll            |     6 |       ||     6
         Potion            |     3 |     1 ||     4
 Armour: Robe              |    81 |    22 ||   103
  Dodge: Dodged            |    66 |    19 ||    85

Levels and vault maps discovered:
D:1:      saegor_arrival_simple_d, layout_basic, grunt_decor_arrowhead,
          st_stairs_8
D:2:      layout_loops_ring, dilly_ecumenical_altar_fadedgnrine, basic_altar,
          uniq_sigmund
D:3:      layout_loops_cross

Notes
Turn   | Place    | Note
-------+----------+-------------------------------------------
     0 | D:1      | demibob the Troll Chaos Knight began the quest for the Orb.
     0 | D:1      | Reached XP level 1. HP: 22/22 MP: 0/0
    48 | D:1      | Reached skill level 3 in Maces & Flails
   108 | D:1      | Reached XP level 2. HP: 29/29 MP: 1/1
   108 | D:1      | XOM: divination: magic mapping
   465 | D:1      | XOM: divination: detect creatures
   488 | D:2      | Reached XP level 3. HP: 36/36 MP: 2/2
   596 | D:2      | Reached skill level 4 in Maces & Flails
   789 | D:2      | Found an iron altar of Okawaru.
   875 | D:2      | XOM: silly message
   897 | D:2      | Identified the +7 chain mail of Grand Music {Dex+3}
   925 | D:2      | Noticed Sigmund
   931 | D:2      | XOM: potion effect (haste)
  1221 | D:2      | Killed Sigmund
  1222 | D:2      | Reached skill level 5 in Maces & Flails
  1222 | D:2      | Reached XP level 4. HP: 9/44 MP: 3/3
  1222 | D:2      | Reached XP level 5. HP: 10/50 MP: 4/4
  1413 | D:2      | Found a faded altar of an unknown god.
  1485 | D:3      | XOM: cloud trail
  1611 | D:3      | XOM: 3-stop teleportation journey
  1636 | D:3      | XOM: smoke on damage
  1638 | D:3      | Reached skill level 6 in Maces & Flails
  1641 | D:3      | HP: 2/50 [gnoll/+0 halberd (10)]
  1641 | D:3      | Slain by an orc

Vanquished Creatures
  Sigmund (D:2)
  A gnoll (D:3)
  An adder (D:3)
  3 dart slugs
  2 orcs (D:3)
  5 bats
  5 endoplasms
  A giant cockroach (D:1)
  6 goblins
  4 hobgoblins
  6 ball pythons
  3 frilled lizards
  6 kobolds
  8 rats
52 creatures vanquished.

Table legend: (Time is in decaauts)
 A = Elapsed time spent in this place.
 B = Non-inter-level travel time spent in this place.
 C = Inter-level travel time spent in this place.
 D = Time resting spent in this place.
 E = Time spent auto-exploring this place.
 F = Levels seen in this place.
 G = Mean time per level.
                   A        B        C        D        E       F      G
               +--------+--------+--------+--------+--------+-----+--------+
         Total |   1652 |   1570 |     82 |    307 |    885 |   3 |  550.7 |
       Dungeon |   1652 |   1570 |     82 |    307 |    885 |   3 |  550.7 |
               +--------+--------+--------+--------+--------+-----+--------+

Top non-repeatable levels by time:
     D:2: 761 daAuts
     D:1: 706 daAuts
     D:3: 185 daAuts

Table legend:
 A = Non-vault XP
 B = Vault XP
 C = Vault XP percentage of total XP
 D = Non-vault monster count
 E = Vault monster count
 F = Vault count percentage of total count
                 A         B        C        D         E       F
            +---------+---------+-------+---------+---------+-------
      Total |     104 |     232 |  69.0 |      48 |       4 |   7.7
            +---------+---------+-------+---------+---------+-------
        D:1 |      34 |       6 |  15.0 |      20 |       3 |  13.0
        D:2 |      31 |     226 |  87.9 |      20 |       1 |   4.8
        D:3 |      39 |       0 |   0.0 |       8 |       0 |   0.0
            +---------+---------+-------+---------+---------+-------
